 Dungeon Crawl Stone Soup version 0.30-a0-1053-gbd8d5ba0ad (webtiles) character file.

Game seed: 1077957317225581151

81 Dordric the Insei (level 4, -1/29 HPs)
             Began as an Octopode Transmuter on Apr 11, 2023.
             Slain by a gnoll
             ... wielding a +0 spear
              (5 damage)
             ... on level 3 of the Dungeon.
             The game lasted 00:05:00 (3289 turns).

Dordric the Insei (Octopode Transmuter)             Turns: 3289, Time: 00:05:01

Health: -1/29      AC:  2    Str:  9    XL:     4   Next: 40%
Magic:  5/7        EV: 20    Int: 15    God:
Gold:   124        SH:  0    Dex: 19    Spells: 1/7 levels left

rFire   . . .      SeeInvis .      - Unarmed
rCold   + . .      Faith    .    (shield currently unavailable)
rNeg    . . .      Spirit   .    (helmet currently unavailable)
rPois   x          Reflect  .    c - amulet of magic regeneration
rElec   .          Rampage  .    i - ring of protection from cold
rCorr   .                        (no ring)
Will    .....                    (no ring)
Stlth   ++                       (no ring)
HPRegen 0.24/turn                (no ring)
MPRegen 0.50/turn                (no ring)
                                 (no ring)
                                 (no ring)

@: spider-form (expiring), wereblooded
A: venomous fangs, almost no armour, (amphibious), 8 rings, tiny, (camouflage
1), (gelatinous body 1), (nimble swimmer 1), (tentacles)
a: End Transformation


You were on level 3 of the Dungeon.
You were a venomous arachnid creature.
You visited 1 branch of the dungeon, and saw 3 of its levels.

You collected 124 gold pieces.

Inventory:

Jewellery
 c - an amulet of magic regeneration (around neck)
 i - a ring of protection from cold (left front pincers)
Wands
 o - a wand of roots (10)
Scrolls
 b - a scroll of amnesia
 g - a scroll of immolation
 k - a scroll of noise
 l - a scroll of silence
Potions
 d - a potion of flight {unknown}
 e - 2 potions of might
 f - a potion of degeneration {unknown}
 h - a potion of curing {unknown}
 m - a potion of berserk rage {unknown}
 n - a potion of attraction {unknown}


   Skills:
 + Level 2.0 Fighting
 + Level 2.7 Dodging
 + Level 3.5 Unarmed Combat
 - Level 2.2 Spellcasting
 + Level 2.7 Transmutations


You had one spell level left.
You knew the following spells:

 Your Spells              Type           Power      Damage    Failure   Level
a - Beastly Appendage     Tmut           18%        N/A       19%         1
b - Wereblood             Tmut           9%         N/A       26%         2
c - Spider Form           Tmut/Pois      5%         N/A       58%         3

Your spell library contained the following spells:

 Spells                   Type           Power      Damage    Failure   Level
 Lesser Beckoning         Tloc           2%         N/A       54%         2
 Gell's Gravitas          Tloc           1%         N/A       75%         3
 Teleport Other           Tloc           1%         N/A       75%         3
 Ice Form                 Ice/Tmut       5%         N/A       90%         4
 Blade Hands              Tmut           4%         N/A       97%         5
 Irradiate                Conj/Tmut      2%         3d12      99%         5
 Dragon Form              Tmut           4%         N/A       100%        7


Dungeon Overview and Level Annotations

Branches:
Dungeon (3/15)

Altars:

Shops:
D:1 *!   D:3 [

Annotations:
D:3 1 runed translucent door, Crazy Yiuf


Innate Abilities, Weirdness & Mutations

You are a venomous arachnid creature.
You have venomous fangs.
You are tiny and dextrous.
Your spellcasting is less reliable in this form.
Your armour is entirely melded.
You are incapable of wielding weapons or throwing items.
You cannot wear most types of armour.
((You are amphibious.))
You can wear up to eight rings at the same time.
((Your skin changes colour to match your surroundings (Stealth+).))
((Your rubbery body absorbs attacks. (AC +1, EV +1)))
((You are camouflaged when in or above water. (Stealth+)))
((You have tentacles for arms and can constrict up to eight enemies at once.))


Message History

You climb downwards.
Level annotation: 1 runed translucent door, Crazy Yiuf
There is a stone staircase leading up, spattered with blood here.
The kobold throws a stone.
The stone barely misses you.
The gnoll hits you from afar with a +0 spear.
The gnoll barely misses you. The gnoll barely misses you. x2
The gnoll misses you. The gnoll completely misses you.
You climb upwards.
There is a stone staircase leading down, spattered with blood here.
HP restored.
Done exploring.
Casting: Wereblood (safe; 11% risk of failure)
Confirm with . or Enter, or press ? or * to list all spells.
The spell is extremely dangerous to miscast (36% risk of failure)!
Continue anyway?
Okay, then.
Casting: Spider Form (extremely dangerous; 36% risk of failure)
Confirm with . or Enter, or press ? or * to list all spells.
Your blood is infused with primal strength.
Casting: Wereblood (safe; 11% risk of failure)
Confirm with . or Enter, or press ? or * to list all spells.
The spell is extremely dangerous to miscast (36% risk of failure)!
Continue anyway?
You turn into a venomous arachnid creature.
Your transformation is almost over.
You climb downwards.
Level annotation: 1 runed translucent door, Crazy Yiuf The gnoll hits you from afar with a +0 spear!
There is a stone staircase leading up, spattered with blood here.
The gnoll completely misses you. The kobold closely misses you.
You hit the gnoll.
The gnoll is poisoned.
The gnoll is lightly wounded.
The gnoll hits you from afar with a +0 spear.
The gnoll hits you with a +0 spear. The kobold hits you but does no damage.
You hit the gnoll but do no damage.
The gnoll looks as sick as possible!
The gnoll is lightly wounded.
The gnoll hits you from afar with a +0 spear!
* * * LOW HITPOINT WARNING * * *
The gnoll barely misses you. The kobold completely misses you.
The gnoll attacks as you move away! The gnoll hits you with a +0 spear.
You die...

≈≈≈≈≈≈≈≈≈≈≈≈≈≈≈#####≈≈≈≈≈≈≈≈
≈~≈≈≈≈≈≈≈≈≈≈≈≈≈≈≈≈≈≈~≈≈≈≈≈≈≈
~~~~~~~~~~≈~≈≈≈~≈~~~~~~≈~~~~
~~~~.~..~~~~~~~~~..~~.~.~~~.
............................
.....K......................
......##..####..g...########
...............gK##.#
#####K#....#.#.#s##.#
#....#..#.#.#..<##.#
#.......#.#.###.##.########
#.......#.#.#.............#
###).#......#.#.##.#####.##
###...##.#.....#.##.# #.#
.##.#.##.#######.##.# #.#
.#..#.##.........##.# #†#
.#.##.#############.#####.#


You could see 2 gnolls and a kobold.

Vanquished Creatures
  A gnoll (D:1)
  3 adders
  3 dart slugs
  3 bats
  3 endoplasms (D:1)
  2 giant cockroaches
  3 goblins
  2 hobgoblins (D:1)
  4 jackals (D:1)
  3 ball pythons
  8 kobolds
  3 rats
38 creatures vanquished.

Notes
Turn   | Place    | Note
-------+----------+-------------------------------------------
     0 | D:1      | Dordric the Octopode Transmuter began the quest for the
                  | Orb.
     0 | D:1      | Reached XP level 1. HP: 13/13 MP: 3/3
   126 | D:1      | Found Ytaelant's Assorted Antiques.
   133 | D:1      | Reached XP level 2. HP: 18/18 MP: 5/5
   144 | D:1      | Learned a level 2 spell: Wereblood
   343 | D:1      | Reached XP level 3. HP: 23/23 MP: 6/6
   448 | D:1      | Found Huujok's Distillery.
   672 | D:1      | Learned a level 3 spell: Spider Form
  1805 | D:3      | Found Fyapixutso's Antique Armour Shoppe.
  2006 | D:3      | Found a runed translucent door.
  2007 | D:3      | Noticed Crazy Yiuf
  2203 | D:3      | Reached XP level 4. HP: 29/29 MP: 7/7
  3289 | D:3      | Slain by a gnoll

Illustrated notes

Levels and vault maps discovered:
D:1:      dpeg_arrival_signposts, layout_basic, serial_shops, shop_fountains,
          nicolae_diamond_shop
D:2:      layout_basic
D:3:      minmay_goblin_kobold_castle, layout_basic, serial_shops, shop,
          uniq_crazy_yiuf_cottage

Skill      XL: |  1  2  3  4 |
---------------+-------------+-----
Fighting       | 2 |  2.0
Dodging        | |  2.7
Unarmed Combat | |  3.5
Spellcasting   | |  2.2
Transmutations | |  2.7

Action                     |  1- 3 |  4- 6 || total
---------------------------+-------+-------++-------
  Melee: Unarmed           |    69 |    21 ||    90
         Constrict         |    16 |     4 ||    20
         Tentacles         |    10 |     3 ||    13
         Kick              |     7 |       ||     7
         Punch             |     1 |       ||     1
   Cast: Beastly Appendage |    19 |     1 ||    20
         Wereblood         |     3 |     5 ||     8
         Spider Form       |     2 |     2 ||     4
    Use: Scroll            |     5 |     1 ||     6
         Potion            |       |     1 ||     1
   Stab: Sleeping          |     3 |       ||     3
 Armour: Skin              |     2 |     9 ||    11
  Dodge: Dodged            |    50 |    36 ||    86

Table legend: (Time is in decaauts)
 A = Elapsed time spent in this place.
 B = Non-inter-level travel time spent in this place.
 C = Inter-level travel time spent in this place.
 D = Time resting spent in this place.
 E = Time spent auto-exploring this place.
 F = Levels seen in this place.
 G = Mean time per level.
                   A        B        C        D        E       F      G
               +--------+--------+--------+--------+--------+-----+--------+
         Total |   3290 |   3208 |     82 |    534 |   2147 |   3 | 1096.7 |
       Dungeon |   3290 |   3208 |     82 |    534 |   2147 |   3 | 1096.7 |
               +--------+--------+--------+--------+--------+-----+--------+

Top non-repeatable levels by time:
     D:2: 1541 daAuts
     D:1: 946 daAuts
     D:3: 802 daAuts
